 Dungeon Crawl Stone Soup version 0.20.1-1-g8b1a95d (webtiles) character file.

250 HammerPanzer the Cudgeler (level 5, -2/43 HPs)
             Began as a Demonspawn Berserker on Oct 27, 2017.
             Was a Priest of Trog.
             Succumbed to an adder's poison
             ... on level 4 of the Dungeon.
             The game lasted 00:10:02 (3104 turns).

HammerPanzer the Cudgeler (Demonspawn Berserker)    Turns: 3104, Time: 00:10:02

Health: -2/43      AC: 11    Str: 19    XL:     5   Next: 88%
Magic:  5/5        EV:  3    Int:  8    God:    Trog [***...]
Gold:   161        SH:  0    Dex: 14    Spells: 4/4 levels left

rFire    . . .     SeeInvis .   a - +0 mace
rCold    . . .     Gourm    .   (no shield)
rNeg     . . .     Faith    .   l - +0 plate armour
rPois    .         Spirit   .   g - +0 helmet
rElec    .         Reflect  .   (no cloak)
rCorr    .         Harm     .   (no gloves)
MR       +....                  (no boots)
Stlth    ..........             (no amulet)
Regen    0.2/turn               o - ring of protection from magic
MPRegen  0.1/turn               (no ring)

@: lethally poisoned (-2 -> -19), berserk cooldown, slowed, constricted, very
slow
A: thin skeletal structure 1
a: Berserk, Trog's Hand, Burn Spellbooks, Renounce Religion


You were on level 4 of the Dungeon.
You worshipped Trog.
Trog was most pleased with you.
You were near starving.

You visited 1 branch of the dungeon, and saw 4 of its levels.

You collected 161 gold pieces.

Inventory:

Hand Weapons
 a - a +0 mace (weapon)
Armour
 g - a +0 helmet (worn)
 l - a +0 plate armour (worn)
Jewellery
 o - a ring of protection from magic (left hand)
Scrolls
 e - a scroll of remove curse
 m - 2 scrolls of fog
 n - 2 scrolls of identify
Potions
 h - a potion of magic {unknown}
 i - a potion of heal wounds {unknown}
 j - a potion of curing {unknown}
 k - 3 potions of berserk rage
Comestibles
 b - 10 chunks of flesh
 c - 5 bread rations
 d - a meat ration
 f - 2 royal jellies


   Skills:
 + Level 4.4 Fighting
 * Level 5.2 Maces & Flails
 - Level 1.7 Armour
 - Level 1.7 Dodging


You had 4 spell levels left.
You didn't know any spells.

Dungeon Overview and Level Annotations

Branches:
Dungeon (4/15)
 Temple: D:4-7

Altars:
Elyvilon
Fedhas


Innate Abilities, Weirdness & Mutations

You have a somewhat thin skeletal structure. (Dex +2, Stealth)


Message History

The adder completely misses you.
The hound zombie bites you but does no damage.
You escape the ball python's grasp.
You are near starving!
* * * LOW HITPOINT WARNING * * *
You feel sick. The adder bites you.
* * * LOW HITPOINT WARNING * * *
You are more poisoned.
The adder poisons you! The adder barely misses you.
The ball python barely misses you. The ball python closely misses you.
The hound zombie bites you but does no damage.
The adder bites you.
* * * LOW HITPOINT WARNING * * *
You are more poisoned.
The adder poisons you! The adder bites you but does no damage.
The hound zombie barely misses you. The ball python barely misses you.
The ball python grabs you.
You stop ascending the stairs.
The ball python constricts you.
You hit the adder but do no damage.
You die...

....[[.
.......
.......
.......
.......
.......##
......SS#
.....sS@#
......Z.#
........#
........#
.......##
......#
######


You could see a scorpion, 2 adders, a hound zombie and a ball python.

Vanquished Creatures
  A crimson imp (D:3)
  Jessica (D:2)
  Robin (D:2)
  3 gnolls (D:3)
  4 adders (D:2)
  An ooze (D:1)
  A worm (D:2)
  2 dart slugs
  2 leopard geckos
  6 orcs (D:3)
  3 ball pythons
  12 giant cockroaches (D:2)
  18 goblins
  7 hobgoblins
  8 jackals
  7 kobolds
  7 bats
  A frilled lizard (D:2)
  4 rats
89 creatures vanquished.

Vanquished Creatures (others)
  A goblin (D:2)
1 creature vanquished.

Grand Total: 90 creatures vanquished

Notes
Turn   | Place    | Note
-------+----------+-------------------------------------------
     0 | D:1      | HammerPanzer the Demonspawn Berserker began the quest for the Orb.
     0 | D:1      | Reached XP level 1. HP: 18/18 MP: 1/1
   254 | D:1      | Reached skill level 3 in Maces & Flails
   254 | D:1      | Gained mutation: You have a somewhat thin skeletal structure. (Dex +2, Stealth) [demonic ancestry]
   254 | D:1      | Reached XP level 2. HP: 19/24 MP: 2/2
   907 | D:1      | Reached XP level 3. HP: 18/29 MP: 3/3
  1073 | D:2      | Found a blossoming altar of Fedhas.
  1425 | D:2      | Reached ** piety under Trog
  1717 | D:2      | Noticed Robin
  1734 | D:2      | Killed Robin
  1734 | D:2      | Reached XP level 4. HP: 37/37 MP: 4/4
  2033 | D:2      | Reached skill level 4 in Maces & Flails
  2532 | D:2      | Noticed Jessica
  2541 | D:2      | Killed Jessica
  2541 | D:2      | Reached XP level 5. HP: 42/42 MP: 5/5
  2577 | D:2      | Found a white marble altar of Elyvilon.
  2665 | D:2      | Reached *** piety under Trog
  2810 | D:4      | Noticed a phantom
  2970 | D:3      | Reached skill level 5 in Maces & Flails
  3103 | D:4      | HP: 1/43 [adder (4)]
  3104 | D:4      | Succumbed to an adder's poison

Skill      XL: |  1  2  3  4  5 |
---------------+----------------+-----
Maces & Flails | 3 4 5 |  5.2
Fighting       | 4 |  4.4
Armour         | |  1.7
Dodging        | |  1.7

Action                   |  1- 3 |  4- 6 || total
-------------------------+-------+-------++-------
Melee: Mace              |   112 |   222 ||   334
Invok: Berserk           |     2 |     3 ||     5
  Use: Scroll            |     3 |     1 ||     4
 Stab: Sleeping          |     2 |       ||     2
       Distracted        |     1 |       ||     1
  Eat: Chunk             |     4 |     7 ||    11
Armor: Animal skin       |    15 |       ||    15
       Leather armour    |    24 |    20 ||    44
       Plate armour      |       |   181 ||   181
Dodge: Dodged            |    81 |   134 ||   215
